 Dungeon Crawl Stone Soup version 0.32-a0-886-g41c5271027 (webtiles) character file.

Game seed: 12720849145688754902

659 Biggs the Skirmisher (level 7, -2/50 HPs)
             Began as a Coglin Hunter on Apr 2, 2024.
             Succumbed to a water moccasin's poison
             ... on level 5 of the Dungeon.
             The game lasted 00:05:48 (3503 turns).

Biggs the Skirmisher (Coglin Hunter)                Turns: 3503, Time: 00:05:48

Health: -2/50      AC:  5    Str: 15    XL:     7   Next: 55%
Magic:  7/7        EV: 11    Int:  5    God:
Gold:   256        SH:  0    Dex: 19    Spells: 6/6 levels left

rFire   . . .        a - +2 sling {Tiberius}
rCold   . . .        d - +0 sling {Cedro}
rNeg    . . .        c - +0 leather armour
rPois   .            m - +1 helmet
rElec   .            (no cloak)
rCorr   .            (no gloves)
SInv    .            (no boots)
Will    .....        (amulet unavailable)
Stlth   ++           (ring unavailable)
HPRegen 0.00/turn    (ring unavailable)
MPRegen 0.10/turn    (no gizmo)

%: no passive effects
@: brilliant, lethally poisoned (-2 -> -37), attractive, inhibited regen,
revving
A: off-hand wielding, slow wielding, warmup strikes, no jewellery, dopey 1,
inhibited regeneration, strong 1
a: Invent Gizmo


You were on level 5 of the Dungeon.
You visited 1 branch of the dungeon, and saw 5 of its levels.

You collected 256 gold pieces.

Inventory:

Hand Weapons
 a - a +2 sling (weapon) {Tiberius}
 d - a +0 sling (offhand) {Cedro}
Armour
 c - a +0 leather armour (worn)
 m - a +1 helmet (worn)
Scrolls
 b - a scroll of butterflies
 g - 3 scrolls of identify {unknown}
 h - 3 scrolls of teleportation {unknown}
 i - a scroll of blinking {unknown}
 l - a scroll of noise {unknown}
 n - a scroll of silence {unknown}
 q - a scroll of torment {unknown}
 r - a scroll of fear {unknown}
Potions
 e - 2 potions of attraction
 f - 2 potions of mutation
 j - a potion of brilliance
 k - a potion of curing {unknown}
 o - a potion of haste {unknown}
 p - 2 potions of enlightenment {unknown}


   Skills:
 - Level 2.0 Fighting
 + Level 8.2 Ranged Weapons
 - Level 1.7 Dodging
 - Level 0.7 Stealth


You had 6 spell levels left.
You didn't know any spells.
Your spell library was empty.

Dungeon Overview and Level Annotations

Branches:
Dungeon (5/15)
 Temple: D:4-7

Altars:
Kikubaaqudgha


Innate Abilities, Weirdness & Mutations

You can wield a second weapon in your off-hand.
It takes a long time for you to wield or remove held weapons.
Your first few attacks do less damage.
You cannot equip rings or amulets.
You are dopey. (Int -2)
You do not regenerate when monsters are visible.
Your muscles are strong. (Str +4, Int/Dex -1)


Message History

The sling bullet hits the water moccasin.
The water moccasin is lightly wounded.
You feel very sick. The water moccasin misses you.
You shoot a sling bullet.
The sling bullet hits the water moccasin.
The water moccasin is moderately wounded.
You shoot a sling bullet.
The sling bullet closely misses the water moccasin.
You feel very sick. The water moccasin bites you. x2
You are lethally poisoned!
The water moccasin poisons you!
You are too injured to fight recklessly!
Unknown command.
You are too injured to fight recklessly!
Unknown command.
You are too injured to fight recklessly!
Fire: a) +2 sling {Tiberius}
Press: ? - help, Q - select action Shift-Dir - straight line, f/p - water moccasin
Aim: a water moccasin (moderately wounded, 52% to hit)
Okay, then.
It was a potion of attraction.
You feel attractive to monsters.
You feel very sick. The water moccasin closely misses you.
Unknown command.
It was a potion of mutation.
You feel extremely strange.
You feel stronger.
You feel stupid.
Your regeneration stops near monsters.
* * * LOW HITPOINT WARNING * * *
You feel very sick. The water moccasin bites you.
* * * LOW HITPOINT WARNING * * *
The water moccasin bites you.
* * * LOW HITPOINT WARNING * * *
You are more poisoned.
The water moccasin poisons you!
It was a potion of brilliance.
You feel clever all of a sudden.
You die...

..# ..# #.. #.# #.#
#######.####.## ###
......$.S<..... ...
#######@## # #.#
.........####.# #.#
.........#....# #.#
###..#.....######.#####.
........................
...........######.#####.
.?......................
#.#.##.....######†######
....)..........>.......


You could see a water moccasin.

Vanquished Creatures
  2 water moccasins
  2 jellies (D:4)
  An orc priest (D:4)
  Jessica (D:2)
  Natasha (twice) (D:2)
  4 iguanas
  Robin (D:2)
  6 adders
  2 dart slugs (D:3)
  6 ribbon worms
  9 orcs
  9 endoplasms
  2 giant cockroaches (D:2)
  15 hobgoblins
  6 jackals
  6 kobolds
  3 quokkas
  8 ball pythons
  2 bats (D:1)
  7 frilled lizards
  12 goblins
  3 rats (D:1)
109 creatures vanquished.

Notes
Turn   | Place    | Note
-------+----------+-------------------------------------------
     0 | D:1      | Biggs the Coglin Hunter began the quest for the Orb.
     0 | D:1      | Reached XP level 1. HP: 16/16 MP: 1/1
   161 | D:1      | Reached skill level 4 in Ranged Weapons
   161 | D:1      | Reached XP level 2. HP: 22/22 MP: 2/2
   609 | D:2      | Reached XP level 3. HP: 27/27 MP: 3/3
   656 | D:2      | Noticed Natasha
   659 | D:2      | Killed Natasha
   662 | D:2      | Reached skill level 5 in Ranged Weapons
   662 | D:2      | Reached XP level 4. HP: 29/33 MP: 4/4
   795 | D:2      | Noticed Jessica
   801 | D:2      | Killed Jessica
   846 | D:2      | Noticed Robin
   858 | D:2      | Killed Robin
   859 | D:2      | Reached XP level 5. HP: 27/38 MP: 5/5
   994 | D:2      | Noticed Natasha
   999 | D:2      | Killed Natasha
  1078 | D:2      | Reached skill level 6 in Ranged Weapons
  1211 | D:3      | Found a faded altar of an unknown god.
  1538 | D:3      | Reached XP level 6. HP: 44/44 MP: 6/6
  1644 | D:3      | Found an ancient bone altar of Kikubaaqudgha.
  2849 | D:4      | Reached skill level 7 in Ranged Weapons
  2874 | D:4      | Noticed a water moccasin
  2884 | D:4      | Killed a water moccasin
  2885 | D:4      | Reached XP level 7. HP: 50/50 MP: 7/7
  3261 | D:5      | Entered Level 5 of the Dungeon
  3281 | D:5      | Reached skill level 8 in Ranged Weapons
  3502 | D:5      | Gained mutation: Your muscles are strong. (Str +4, Int/Dex
                  | -1) [potion of mutation]
  3502 | D:5      | Gained mutation: You are dopey. (Int -2) [potion of
                  | mutation]
  3502 | D:5      | Gained mutation: You do not regenerate when monsters are
                  | visible. [potion of mutation]
  3503 | D:5      | Succumbed to a water moccasin's poison

Illustrated notes

Levels and vault maps discovered:
D:1:      dpeg_arrival_tiny_g, layout_basic, minmay_tromino_i4
D:2:      layout_rooms, grunt_ministairs_6, uniq_natasha, uniq_jessica,
          uniq_robin
D:3:      layout_loops_corners, kiku_gazebo_garden_becter,
          hellmonk_ecumenical_altar_run_dry
D:4:      minmay_octagon_keep, layout_loops_corners
D:5:      layout_basic, serial_shops, shop, nicolae_fountain_basement

Skill      XL: |  1  2  3  4  5  6  7 |
---------------+----------------------+-----
Ranged Weapons | 4 5 6 7 8 |  8.2
Fighting       | |  2.0
Dodging        | |  1.7
Stealth        | |  0.7

Action                     |  1- 3 |  4- 6 |  7- 9 || total
---------------------------+-------+-------+-------++-------
   Fire: Sling             |   106 |   370 |    76 ||   552
    Use: Potion            |       |       |     3 ||     3
 Armour: Leather armour    |     7 |    31 |    12 ||    50
  Dodge: Dodged            |     7 |    38 |     7 ||    52

Table legend: (Time is in decaauts)
 A = Elapsed time spent in this place.
 B = Non-inter-level travel time spent in this place.
 C = Inter-level travel time spent in this place.
 D = Time resting spent in this place.
 E = Time spent auto-exploring this place.
 F = Levels seen in this place.
 G = Mean time per level.
                   A        B        C        D        E       F      G
               +--------+--------+--------+--------+--------+-----+--------+
         Total |   3543 |   3363 |    180 |      0 |   2872 |   5 |  708.6 |
       Dungeon |   3543 |   3363 |    180 |      0 |   2872 |   5 |  708.6 |
               +--------+--------+--------+--------+--------+-----+--------+

Top non-repeatable levels by time:
     D:4: 1195 daAuts
     D:3: 908 daAuts
     D:2: 619 daAuts
     D:1: 578 daAuts
     D:5: 242 daAuts
